 Dungeon Crawl Stone Soup version 0.26.1-11-gd32895ea62 (webtiles) character file.

Game seed: 11608158819623398528

106405 infcreate the Nimble (level 16, -17/118 HPs)
             Began as a Human Gladiator on Apr 24, 2021.
             Was the Champion of Hepliaklqana.
             Demolished by a white ugly thing (31 damage)
             ... on level 14 of the Dungeon.
             The game lasted 01:18:09 (30870 turns).

infcreate the Nimble (Human Gladiator)             Turns: 30870, Time: 01:18:09

Health: -17/118    AC: 26    Str: 21    XL:     16   Next: 98%
Magic:  0/16       EV: 20    Int: 13    God:    Hepliaklqana [******]
Gold:   279        SH:  0    Dex: 19    Spells: 15/15 levels left

rFire    + + .     SeeInvis .   T - +3 quarterstaff (vorpal)
rCold    . . .     Faith    .   (shield currently unavailable)
rNeg     + . .     Spirit   +   v - +5 fire dragon scales
rPois    .         Reflect  .   w - +2 hat of the Bear Spirit {Spirit, +Rage rN+ Will++}
rElec    .         Harm     .   r - +1 cloak
rCorr    .         Rampage  .   V - +1 pair of gloves {archery}
Will     +++..                  k - +0 pair of boots
Stlth    ..........             A - amulet of the acrobat
HPRegen  0.29/turn              D - ring "Pynileim" {rF+ Int+5 Dex+3}
MPRegen  0.15/turn              C - ring of ice

@: studying Dodging
A: reduced essence
a: Renounce Religion, Evoke Berserk Rage, Recall Ancestor, Ancestor Identity,
Transference, Idealise


You were on level 14 of the Dungeon.
You worshipped Hepliaklqana.
Hepliaklqana was exalted by your worship.
You visited 3 branches of the dungeon, and saw 22 of its levels.
You also visited: Bailey.

You collected 3019 gold pieces.
You spent 2740 gold pieces at shops.


   Skills:
 * Level 13.7 Fighting
 * Level 13.8 Staves
 + Level 10.2 Throwing
 * Level 13.5 Armour
 * Level 14.3 Dodging


You had 15 spell levels left.
You didn't know any spells.
Your spell library contained the following spells:

 Spells                   Type           Power        Failure   Level
 Animate Skeleton         Necr           0%           58%         1
 Beastly Appendage        Tmut           0%           58%         1
 Corona                   Hex            0%           58%         1
 Magic Dart               Conj           0%           58%         1
 Pain                     Necr           0%           58%         1
 Sting                    Tmut/Pois      0%           58%         1
 Blink                    Tloc           N/A          75%         2
 Call Imp                 Summ           0%           75%         2
 Poisonous Vapours        Pois/Air       0%           75%         2
 Slow                     Hex            0%           75%         2
 Wereblood                Tmut           0%           75%         2
 Confusing Touch          Hex            0%           92%         3
 Conjure Flame            Conj/Fire      0%           92%         3
 Gell's Gravitas          Tloc           0%           92%         3
 Ignite Poison            Fire/Tmut/Pois 0%           92%         3
 Mephitic Cloud           Conj/Pois/Air  0%           92%         3
 Spider Form              Tmut/Pois      0%           92%         3
 Vampiric Draining        Necr           0%           92%         3
 Animate Dead             Necr           0%           100%        4
 Ice Form                 Ice/Tmut       0%           100%        4
 Leda's Liquefaction      Hex/Erth       0%           100%        4
 Olgreb's Toxic Radiance  Pois           0%           100%        4
 Petrify                  Tmut/Erth      0%           100%        4
 Agony                    Necr           0%           100%        5
 Blade Hands              Tmut           0%           100%        5
 Bolt of Magma            Conj/Fire/Erth 0%           100%        5
 Metabolic Englaciation   Hex/Ice        0%           100%        5
 Yara's Violent Unravell  Hex/Tmut       0%           100%        5
 Freezing Cloud           Conj/Ice/Air   0%           100%        6
 Iron Shot                Conj/Erth      0%           100%        6
 Statue Form              Tmut/Erth      0%           100%        6
 Shatter                  Erth           0%           100%        9

Inventory:

Hand Weapons
 T - a +3 vorpal quarterstaff (weapon)
Missiles
 d - 4 throwing nets (quivered) {=f}
Armour
 k - a +0 pair of boots (worn)
 r - a +1 cloak (worn)
 v - +5 fire dragon scales (worn)
 w - the +2 hat of the Bear Spirit (worn) {Spirit, +Rage rN+ Will++}
   (You bought it in a shop on level 5 of the Dungeon)

   It protects you from negative energy.
   It affects your willpower, your defense against some magical effects.
   It lets you go berserk.
 O - the -5 pair of boots of Hysteria {rN+ rCorr Stlth-}
   (You found it on level 4 of the Lair of Beasts)

   It protects you from negative energy.
   It provides partial protection from all sources of acid and corrosion.
   It makes you less stealthy.
 R - a +4 plate armour of poison resistance
 V - a +1 pair of gloves of archery (worn)
Jewellery
 n - an uncursed ring of positive energy
 A - an amulet of the acrobat (around neck)
 C - a ring of ice (right hand)
 D - the ring "Pynileim" (left hand) {rF+ Int+5 Dex+3}
   (You acquired it on level 8 of the Dungeon)

   [ring of protection from fire]

   It affects your intelligence (+5).
   It affects your dexterity (+3).
   It protects you from fire.
 Y - a +4 ring of slaying
Wands
 a - a wand of digging (7)
 c - a wand of iceblast (15)
 g - a wand of flame (26)
 x - a wand of disintegration (10)
 y - a wand of random effects (104)
 H - a wand of acid (7)
Scrolls
 e - 4 scrolls of magic mapping
 h - 4 scrolls of amnesia
 i - 7 scrolls of remove curse {@r2}
 j - 4 scrolls of blinking
 q - 3 scrolls of vulnerability
 E - 3 scrolls of fog
 F - 2 scrolls of fear
 I - 7 scrolls of teleportation {@r4}
 J - a scroll of immolation
 K - a scroll of identify {@r1}
 P - a scroll of acquirement
Potions
 b - 2 potions of mutation
 f - 4 potions of attraction
 l - 5 potions of flight
 m - a potion of haste {unknown}
 o - 2 potions of berserk rage {!q}
 p - 11 potions of curing {@q1}
 s - 5 potions of cancellation
 t - a potion of resistance {unknown}
 u - a potion of lignification {unknown}
 z - 5 potions of heal wounds {@q2}
 B - 3 potions of ambrosia
 M - a potion of might
 N - 4 potions of brilliance
Books
 U - a manual of Dodging {!d}

Dungeon Overview and Level Annotations

Branches:
Dungeon (14/15)            Temple (0/1) D:4            Lair (6/6) D:8
 Shoals (0/4) Lair:3        Snake (0/4) Lair:2        Slime (0/5) Lair:5
    Orc (2/2) D:12            Elf (0/3) Orc:2        Bailey (visited)
 Vaults: D:13-14

Altars:
Ashenzari
Cheibriados
Elyvilon
Hepliaklqana
Kikubaaqudgha
Makhleb
Nemelex Xobeh
Okawaru
Qazlal
Sif Muna
Vehumet
Wu Jian
Xom
Yredelemnul
Zin
The Shining One
Beogh
Jiyva

Shops:
D:5 [ Orc:2

[*(: .####.. #..# #...
... #. .....##
#..##........
#....####.....# .....#..
#....#.......# .......
###.
#...........###.......
..#B.
#.......#........##..
....
###.......#.......###..
#..#
##..##...........### #.#
..# #..###........#u@#
#†###.#
.)..##.......###.##
##)##..# ....##......##
##.###..†..#
##.......##.#
##..†.#...##
#####...##..#
#.######..# # #
##..##.## #.# ##.## #..
# ▓▓▓▓▓▓ #.## ##..#....
≈§§§§ #..## ##.....#
▒+▒+▒+▓###.##..##.....##


You could see a white ugly thing.


Message History

The white ugly thing freezes you!!!
You feel a terrible chill!
* * * LOW HITPOINT WARNING * * *
Unknown command.
You're wearing all the rings you can.
Remove which one? (? for menu, Esc to cancel) < or
D - the ring "Pynileim" {rF+ Int+5 Dex+3} > or
Y - a +4 ring of slaying
Okay, then.
You're wearing all the rings you can.
Remove which one? (? for menu, Esc to cancel) < or
D - the ring "Pynileim" {rF+ Int+5 Dex+3} > or
Y - a +4 ring of slaying You remove your +4 ring of slaying.
You feel more attuned to ice.
C - a ring of ice (right hand)
The white ugly thing stings you but does no damage.
You hit the white ugly thing.
The white ugly thing is heavily wounded.
The white ugly thing completely misses you.
You hit the white ugly thing.
The white ugly thing is heavily wounded.
The white ugly thing stings you but does no damage.
You hit the white ugly thing.
The white ugly thing is heavily wounded.
You thump the white ugly thing!
The white ugly thing is almost dead.
The white ugly thing stings you.
* * * LOW HITPOINT WARNING * * *
The white ugly thing freezes you!!
You die...

Skill      XL: |  1  2  3  4  5  6  7  8  9 10 11 12 13 14 15 16 |
---------------+-------------------------------------------------+-----
Armour         | 1 2 3 4 6 7 8 9 10 11 12 13 | 13.5
Fighting       | 3 4 5 6 7 8 9 11 12 13 | 13.7
Dodging        | 4 5 7 8 9 10 11 12 13 14 | 14.3
Staves         | 4 5 6 7 9 10 11 12 13 | 13.8
Throwing       | 3 4 5 6 7 8 9 10 | 10.2

Action                   |  1- 3 |  4- 6 |  7- 9 | 10-12 | 13-15 | 16-18 || total
-------------------------+-------+-------+-------+-------+-------+-------++-------
Melee: Quarterstaff      |    87 |   146 |   216 |   581 |  1237 |   720 ||  2987
Invok: Ancestor Life: He |       |       |     1 |       |       |       ||     1
Evoke: Wand              |       |       |       |       |     2 |       ||     2
  Use: Scroll            |     1 |     6 |     5 |    15 |     8 |     6 ||    41
       Potion            |       |       |       |     1 |       |       ||     1
 Stab: Paralysed         |       |     1 |       |    13 |    20 |    32 ||    66
       Distracted        |       |     1 |     3 |     4 |    11 |     5 ||    24
       Confused          |       |       |     2 |     7 |    19 |    14 ||    42
       Petrified         |       |       |       |     5 |     5 |       ||    10
       Petrifying        |       |       |       |     1 |     3 |       ||     4
Armor: Leather armour    |    32 |    38 |       |       |       |       ||    70
       Fire dragon scale |       |    11 |   101 |   257 |   378 |   143 ||   890
       Scale mail        |       |       |       |       |     3 |       ||     3
Dodge: Dodged            |    72 |    74 |   111 |   417 |   809 |   427 ||  1910

Levels and vault maps discovered:
D:1:      zaba_arrival_water, layout_loops_ring, chequers_hall_statues_corner_a,
          grunt_decor_junction
D:2:      layout_basic, nzn_hepliaklqana_mist_gate, serial_undead,
          serial_undead_a, serial_undead_c, serial_undead_d, serial_undead_c,
          uniq_crazy_yiuf_cottage
D:3:      cheibrodos_old_hovel, layout_basic, nicolae_tso_swordbearing_angel,
          lemuel_crystal_altar, hangedman_glass_garden, uniq_ijyb
D:4:      kennysheep_spiral_hall, layout_basic, marbit_many_paths,
          temple_doors_ab, xom_teletrap_fun
D:5:      layout_basic, grunt_temple_overflow_magic_moments,
          lemuel_coloured_pillars_altar, serial_shops, shop
D:6:      layout_basic, kennysheep_ying_yang, uniq_edmund, uniq_grinder
D:7:      layout_loops_ring, nemelex_xobeh_ov_fountains_minmay
D:8:      layout_gridville, lair_entry_dummy
D:9:      layout_loops_corners, makhleb_altar_promises_db, grunt_qazlal_clouds,
          kennysheep_mini, ashenzari_altar_1
D:10:     layout_loops_ring, enter_bailey_3, nrook_campfire
D:11:     layout_rooms, minivault_11, st_stairs_4, uniq_snorg
D:12:     layout_long_grid, orc_0_dummy
D:13:     lemuel_reptile_caves, layout_loops_corners, kennysheep_nondescript,
          minmay_misc_feat_hallway, uniq_azrael
D:14:     layout_layer_cave, ximxim_vaults_locker_room, minmay_misc_feat_plants
Lair:1:   layout_cave_pods, lemuel_fruit_tree, uniq_gastronok
Lair:2:   layout_regular_city, guppyfry_snake_entry_garden,
          nicolae_quartered_pool_medium, grunt_megastairs_4
Lair:3:   layout_misc_corridors, elwin_shoals_entry_stream, patterned_corridor
Lair:4:   layout_roguey
Lair:5:   layout_cave_shapes, slime_altar_1, chequers_serial_rivers_room_b,
          grunt_megastairs_1
Lair:6:   gammafunk_lair_ancient_temple, layout_regular_city,
          grunt_forest_small_clearings, lemuel_old_faithful, uniq_josephine
Orc:1:    layout_caves, uniq_nergalle, uniq_fannar, uniq_urug, uniq_jorgrun
Orc:2:    grunt_orc_cross, layout_caves, guppyfry_library_mini

Notes
Turn   | Place    | Note
-------+----------+-------------------------------------------
     0 | D:1      | infcreate the Human Gladiator began the quest for the Orb.
     0 | D:1      | Reached XP level 1. HP: 16/16 MP: 1/1
   314 | D:1      | Reached XP level 2. HP: 22/22 MP: 2/2
   622 | D:1      | Reached XP level 3. HP: 21/27 MP: 3/3
  1025 | D:2      | Reached skill level 1 in Armour
  1193 | D:2      | Reached XP level 4. HP: 22/34 MP: 4/4
  1708 | D:2      | Found a hazy altar of Hepliaklqana.
  1737 | D:2      | Found a runed translucent door.
  1738 | D:2      | Noticed Crazy Yiuf
  2032 | D:3      | Reached XP level 5. HP: 40/40 MP: 5/5
  2077 | D:2      | Became a worshipper of Hepliaklqana the Forgotten
  2124 | D:2      | Killed Crazy Yiuf
  2431 | D:3      | Noticed Ijyb
  2449 | D:3      | Killed Ijyb
  2450 | D:3      | Reached skill level 3 in Fighting
  2450 | D:3      | Reached skill level 2 in Armour
  2586 | D:3      | Found a snail-covered altar of Cheibriados.
  2591 | D:3      | Reached * piety under Hepliaklqana
  2965 | D:3      | Found a glowing golden altar of the Shining One.
  3280 | D:4      | Reached skill level 4 in Dodging
  3280 | D:4      | Reached XP level 6. HP: 42/42 MP: 6/6
  3590 | D:4      | Noticed an ogre
  3654 | D:4      | Reached skill level 4 in Staves
  3681 | D:4      | Found a shimmering altar of Xom.
  4049 | D:4      | Reached XP level 7. HP: 46/46 MP: 7/7
  4099 | D:4      | Reached ** piety under Hepliaklqana
  4106 | D:4      | Reached skill level 3 in Throwing
  4107 | D:4      | Remembered your ancestor Baqqanum as a hexer
  4129 | D:4      | Found a staircase to the Ecumenical Temple.
  4234 | D:4      | Reached skill level 3 in Armour
  4421 | D:4      | Reached skill level 4 in Fighting
  4507 | D:4      | Found a glowing silver altar of Zin.
  4672 | D:5      | Entered Level 5 of the Dungeon
  5230 | D:5      | Found an ancient bone altar of Kikubaaqudgha.
  5235 | D:5      | Reached XP level 8. HP: 54/54 MP: 8/8
  5235 | D:5      | Found a shimmering blue altar of Sif Muna.
  5237 | D:5      | Found a radiant altar of Vehumet.
  5241 | D:5      | Identified Sif Muna's Papyrus of Hexes
  5442 | D:5      | Found Qiolli Poargh's Armour Shop.
  5478 | D:5      | Reached skill level 5 in Dodging
  5483 | D:5      | Reached skill level 5 in Staves
  5645 | D:5      | Reached skill level 4 in Armour
  5684 | D:5      | Found an ornate altar of the Wu Jian Council.
  5974 | D:6      | Reached skill level 5 in Fighting
  6028 | D:6      | Reached *** piety under Hepliaklqana
  6151 | D:6      | Found a basalt altar of Yredelemnul.
  6173 | D:6      | Noticed Edmund
  6195 | D:6      | Killed Edmund
  6196 | D:6      | Reached XP level 9. HP: 60/61 MP: 9/9
  6223 | D:6      | Reached skill level 4 in Throwing
  6223 | D:6      | Noticed Grinder
  6249 | D:6      | Killed Grinder
  6250 | D:6      | Reached skill level 6 in Staves
  6250 | D:6      | Reached skill level 5 in Armour
  6250 | D:6      | Reached skill level 6 in Dodging
  6404 | D:6      | Found a white marble altar of Elyvilon.
  6824 | D:7      | Found a sparkling altar of Nemelex Xobeh.
  7155 | D:7      | Noticed a two-headed ogre
  7267 | D:7      | Reached skill level 6 in Fighting
  7636 | D:7      | Killed a two-headed ogre
  7637 | D:7      | Reached skill level 6 in Armour
  7637 | D:7      | Reached skill level 7 in Dodging
  7637 | D:7      | Reached XP level 10. HP: 69/69 MP: 10/10
  7676 | D:8      | Reached skill level 7 in Staves
  7805 | D:8      | Noticed a two-headed ogre
  7812 | D:8      | Killed a two-headed ogre
  7813 | D:8      | Reached skill level 7 in Fighting
  7813 | D:8      | Reached skill level 5 in Throwing
  7962 | D:8      | Identified a scroll of acquirement
  7962 | D:8      | Acquired the ring "Pynileim" {rF+ Int+5 Dex+3}
  7977 | D:8      | Found a staircase to the Lair.
  7981 | D:8      | Noticed a two-headed ogre
  8046 | D:8      | Killed a two-headed ogre
  8191 | D:8      | Reached **** piety under Hepliaklqana
  8604 | D:9      | Reached skill level 7 in Armour
  8821 | D:9      | Reached skill level 8 in Dodging
  8838 | D:9      | Reached XP level 11. HP: 75/75 MP: 11/11
  8845 | D:9      | Reached skill level 8 in Staves
  9050 | D:9      | Found a broken altar of Ashenzari.
  9097 | D:9      | Found a stormy altar of Qazlal.
  9426 | D:9      | Found an iron altar of Okawaru.
  9635 | D:9      | Found a burning altar of Makhleb.
  9635 | D:9      | Noticed a balrug
  9883 | D:10     | Entered Level 10 of the Dungeon
  9966 | D:10     | Found a flagged portal.
  9985 | Bailey   | Entered a bailey
 10163 | Bailey   | Reached skill level 8 in Fighting
 10254 | Bailey   | Noticed an orc knight
 10277 | Bailey   | Killed an orc knight
 10357 | Bailey   | Noticed an orc knight
 10371 | Bailey   | Killed an orc knight
 10559 | D:10     | Reached skill level 6 in Throwing
 10585 | D:10     | Reached skill level 8 in Armour
 10796 | D:10     | Reached skill level 9 in Dodging
 10854 | D:10     | Noticed a cyclops
 10874 | D:10     | Killed a cyclops
 10875 | D:10     | Reached skill level 9 in Staves
 11100 | D:10     | Reached ***** piety under Hepliaklqana
 11162 | D:10     | Killed an unseen horror
 11556 | D:11     | Noticed a two-headed ogre
 11615 | D:11     | Reached XP level 12. HP: 73/84 MP: 9/12
 11736 | D:11     | Reached skill level 9 in Fighting
 12024 | D:11     | Reached skill level 9 in Armour
 12084 | D:11     | Killed a two-headed ogre
 12378 | D:11     | Noticed Snorg
 12392 | D:11     | Killed Snorg
 12482 | D:11     | Reached skill level 10 in Dodging
 12651 | D:11     | Reached skill level 7 in Throwing
 12828 | Lair:1   | Entered Level 1 of the Lair of Beasts
 12828 | Lair:1   | Noticed Gastronok
 12842 | Lair:1   | Killed Gastronok
 12843 | Lair:1   | Reached skill level 10 in Staves
 13126 | Lair:1   | Reached XP level 13. HP: 77/92 MP: 13/13
 13258 | Lair:1   | Reached skill level 10 in Fighting
 14077 | Lair:1   | Reached skill level 10 in Armour
 14634 | Lair:2   | Found a staircase to the Snake Pit.
 14678 | Lair:2   | Noticed an eight-headed hydra
 14691 | Lair:2   | Killed an eight-headed hydra
 15052 | Lair:2   | Reached ****** piety under Hepliaklqana
 15330 | Lair:2   | Reached skill level 11 in Dodging
 15336 | Lair:2   | Reached skill level 11 in Staves
 16134 | Lair:3   | Reached skill level 8 in Throwing
 16154 | Lair:3   | Reached skill level 11 in Fighting
 16169 | Lair:3   | Reached XP level 14. HP: 48/101 MP: 8/14
 16882 | Lair:3   | Found a staircase to the Shoals.
 17457 | D:5      | Bought the +2 hat of the Bear Spirit {Spirit, +Rage rN+
                  | Will++} for 430 gold pieces
 17457 | D:5      | Found the +2 hat of the Bear Spirit {Spirit, +Rage rN+
                  | Will++}
 17457 | D:5      | Bought a +4 plate armour of poison resistance for 517 gold
                  | pieces
 17862 | Lair:4   | Reached skill level 11 in Armour
 18406 | Lair:4   | Got a pair of scorched boots
 18409 | Lair:4   | Identified the cursed -5 pair of boots of Hysteria {rN+
                  | rCorr Stlth-} (You found it on level 4 of the Lair of
                  | Beasts)
 18833 | Lair:5   | Found a staircase to the Slime Pits.
 18833 | Lair:5   | Found a viscous altar of Jiyva.
 19664 | Lair:4   | Reached skill level 12 in Dodging
 19809 | Lair:4   | Reached skill level 12 in Staves
 20631 | Lair:6   | Entered Level 6 of the Lair of Beasts
 20825 | Lair:6   | Noticed Josephine
 20850 | Lair:5   | Killed Josephine
 20851 | Lair:5   | Reached skill level 12 in Fighting
 20985 | Lair:5   | Reached XP level 15. HP: 108/108 MP: 15/15
 21382 | Lair:5   | Reached skill level 9 in Throwing
 21632 | Lair:6   | Reached skill level 12 in Armour
 22497 | Lair:6   | Got a transparent scale mail
 22499 | Lair:6   | Identified the +6 scale mail of Parts Unknown {Harm Str+3}
                  | (You found it on level 6 of the Lair of Beasts)
 24139 | D:12     | Reached skill level 13 in Staves
 24143 | D:12     | Reached skill level 13 in Dodging
 24485 | D:12     | Found a staircase to the Orcish Mines.
 24634 | Orc:1    | Entered Level 1 of the Orcish Mines
 24634 | Orc:1    | Noticed Urug
 24780 | Orc:1    | Killed Urug
 24962 | Orc:1    | Noticed Fannar
 24994 | Orc:1    | Killed Fannar
 25151 | Orc:1    | Noticed Nergalle
 25168 | Orc:1    | Killed Nergalle
 25223 | Orc:1    | Noticed Jorgrun
 25238 | Orc:1    | Jorgrun changed into Jorgrun the shapeshifter
 25357 | Orc:2    | Entered Level 2 of the Orcish Mines
 25711 | Orc:2    | Noticed an orc warlord
 25773 | Orc:1    | Killed an orc warlord
 25774 | Orc:1    | Reached XP level 16. HP: 73/116 MP: 10/16
 26173 | Orc:1    | Reached skill level 13 in Fighting
 27503 | Orc:2    | Found a roughly hewn altar of Beogh.
 27513 | Orc:2    | Found Qulub's Antique Weapon Emporium.
 27537 | Orc:2    | Found Yhyvumn's Book Emporium.
 27553 | Orc:2    | Bought a glowing quarterstaff for 196 gold pieces
 27553 | Orc:2    | Bought a runed quarterstaff for 196 gold pieces
 27569 | Orc:2    | Bought a manual of Dodging for 1214 gold pieces
 27589 | Orc:2    | Found a staircase to the Elven Halls.
 27923 | Orc:2    | Found Myqea's General Store.
 28122 | Orc:2    | Found Ceczut's Antique Armour Emporium.
 28144 | Orc:2    | Bought a pair of runed gloves for 187 gold pieces
 28498 | D:13     | Reached skill level 13 in Armour
 28963 | D:13     | Noticed Azrael
 28979 | D:13     | Killed Azrael
 29550 | D:13     | Reached skill level 10 in Throwing
 30011 | D:14     | Reached skill level 14 in Dodging
 30870 | D:14     | Demolished by a white ugly thing

Vanquished Creatures
  Gastronok (Lair:1)
  2 orc warlords (Orc:1)
  Azrael (D:13)
  Snorg (D:11)
  Josephine (Lair:5)
  Fannar (Orc:1)
  2 vault guards (D:14)
  2 boulder beetles
  A merfolk avatar (Lair:6)
  2 hydras
  2 centaur warriors (D:13)
  6 two-headed ogres
  11 death yaks
  Urug (Orc:1)
  2 orc high priests (Orc:2)
  Nergalle (Orc:1)
  A sea snake (Lair:6)
  A sea snake (shapeshifter) (Lair:2)
  An unseen horror (D:10)
  A wizard (D:12)
  4 orc knights
  A harpy (Lair:6)
  11 ugly things
  4 manticores
  2 orc sorcerers (Orc:2)
  An oklob plant (Lair:6)
  5 cyclopes
  3 centaur zombies
  18 elephants
  A torpor snail (Lair:5)
  2 black mambas
  10 cane toads
  15 komodo dragons
  A rime drake (Lair:4)
  3 trolls
  A tengu conjurer (D:13)
  2 polar bears (Lair:6)
  A merfolk (Lair:3)
  A harpy skeleton (D:14)
  Grinder (D:6)
  2 hornets
  15 blink frogs
  4 dream sheep (Lair:6)
  5 slime creatures (D:12)
  A human (shapeshifter) (D:11)
  A basilisk (shapeshifter) (Orc:1)
  A spriggan (shapeshifter) (D:13)
  2 water elementals (D:13)
  7 wraiths
  5 humans (D:14)
  A fire elemental (D:13)
  90 yaks
  5 basilisks
  6 wyverns
  2 steam dragons
  A vampire mosquito (D:14)
  4 wargs
  An acid dragon (shapeshifter) (D:10)
  4 hell hounds (D:13)
  3 soldier ants
  A soldier ant (shapeshifter) (D:13)
  19 water moccasins
  24 orc warriors
  2 black bears
  8 ogres
  A sky beast (D:5)
  A necrophage (D:10)
  A phantom (D:9)
  A wolf (Lair:1)
  An ice beast (D:13)
  17 centaurs
  A big kobold (D:8)
  13 bullfrogs
  5 scorpions
  2 killer bees (D:9)
  An electric eel (D:13)
  5 wights
  3 howler monkeys
  2 bullfrog zombies
  A quasit (D:10)
  A hound (D:7)
  Crazy Yiuf (D:2)
  4 bullfrog skeletons
  A gnoll shaman (D:5)
  16 orc priests
  5 jellies
  5 centaur skeletons
  Ijyb (D:3)
  27 orc wizards
  11 worker ants
  13 iguanas
  6 hell rats
  A hound zombie (D:10)
  3 hound skeletons
  5 worker ant zombies
  4 gnolls
  14 adders
  5 white imps
  2 ufetubi (D:6)
  An adder zombie (D:2)
  7 adder skeletons
  3 worms
  3 dart slugs
  5 leopard geckos
  50 orcs
  A bat skeleton (D:2)
  2 giant cockroaches
  17 goblins
  7 hobgoblins
  5 jackals
  24 kobolds
  7 quokkas
  3 ball pythons
  7 bats
  10 frilled lizards
  A jackal zombie (D:2)
  A leopard gecko skeleton (D:2)
  A quokka zombie (D:8)
  3 rats
680 creatures vanquished.

Vanquished Creatures (collateral kills)
  2 hydras
  2 death yaks
  A tengu warrior (D:13)
  An orc knight (Bailey)
  2 merfolk sirens (Lair:3)
  3 black mambas
  2 elephants
  A centaur skeleton (D:11)
  2 cane toads
  2 rime drakes
  2 komodo dragons
  A merfolk (Lair:3)
  A meliai (Lair:4)
  A hornet (D:9)
  A polar bear (Lair:6)
  2 blink frogs
  17 yaks
  2 humans (D:14)
  A vampire mosquito (D:14)
  2 basilisks
  Edmund (D:6)
  A naga (Lair:2)
  3 water moccasins
  2 black bears
  6 orc warriors
  2 ice beasts
  2 wolves (Lair:1)
  A centaur (D:5)
  5 bullfrogs
  A wyvern skeleton (D:10)
  2 killer bees (D:9)
  A wight (D:10)
  A howler monkey (D:5)
  A jelly (D:7)
  5 orc priests
  4 iguanas
  4 orc wizards
  A worker ant (D:8)
  A worker ant zombie (D:7)
  5 gnolls
  2 adders
  An ufetubus (D:8)
  12 orcs
  2 goblins (Bailey)
  A hobgoblin (Bailey)
  2 jackals
  A quokka (D:7)
  A frilled lizard (D:13)
  4 kobolds
  A rat (D:3)
  A butterfly (D:3)
125 creatures vanquished.

Vanquished Creatures (others)
  A vault guard (D:14)
  A human (D:14)
  An orc warrior (Orc:2)
  An orc wizard (Orc:1)
  2 orc priests (Orc:2)
  A hell rat (Lair:6)
  25 hexers
  2 ancestors
  A frilled lizard (D:13)
  29 fungi
  46 plants
110 creatures vanquished.

Grand Total: 915 creatures vanquished

Table legend: (Time is in decaauts)
 A = Elapsed time spent in this place.
 B = Non-inter-level travel time spent in this place.
 C = Inter-level travel time spent in this place.
 D = Time resting spent in this place.
 E = Time spent auto-exploring this place.
 F = Levels seen in this place.
 G = Mean time per level.
                   A        B        C        D        E       F      G
               +--------+--------+--------+--------+--------+-----+--------+
         Total |  30327 |  28433 |   1894 |   2682 |  19601 |  23 | 1318.6 |
       Dungeon |  16221 |  14869 |   1352 |    273 |  11186 |  14 | 1158.6 |
          Lair |  10176 |   9775 |    401 |   1497 |   6520 |   6 | 1696.0 |
  Orcish Mines |   3418 |   3277 |    141 |    812 |   1719 |   2 | 1709.0 |
        Bailey |    511 |    511 |      0 |    100 |    176 |   1 |  511.0 |
               +--------+--------+--------+--------+--------+-----+--------+

Top non-repeatable levels by time:
  Lair:5: 2258 daAuts
   Orc:1: 2082 daAuts
  Lair:6: 1853 daAuts
  Lair:2: 1722 daAuts
    D:13: 1506 daAuts
  Lair:1: 1506 daAuts
  Lair:4: 1489 daAuts
     D:9: 1429 daAuts
     D:2: 1354 daAuts
    D:10: 1351 daAuts
  Lair:3: 1345 daAuts
   Orc:2: 1335 daAuts
     D:4: 1235 daAuts
     D:5: 1222 daAuts
    D:12: 1189 daAuts

Table legend:
 A = Non-vault XP
 B = Vault XP
 C = Vault XP percentage of total XP
 D = Non-vault monster count
 E = Vault monster count
 F = Vault count percentage of total count
                 A         B        C        D         E       F
            +---------+---------+-------+---------+---------+-------
      Total |  108600 |   43408 |  28.6 |     632 |     177 |  21.9
            +---------+---------+-------+---------+---------+-------
        D:1 |      35 |       0 |   0.0 |      19 |       0 |   0.0
        D:2 |      72 |      71 |  49.7 |      16 |       9 |  36.0
        D:3 |      44 |      39 |  47.0 |      17 |       2 |  10.5
        D:4 |     551 |       8 |   1.4 |      19 |       2 |   9.5
        D:5 |     591 |       0 |   0.0 |      25 |       0 |   0.0
        D:6 |     758 |     431 |  36.2 |      21 |       2 |   8.7
        D:7 |    1661 |       0 |   0.0 |      25 |       0 |   0.0
        D:8 |    2381 |       0 |   0.0 |      25 |       0 |   0.0
        D:9 |    2255 |       0 |   0.0 |      22 |       0 |   0.0
       D:10 |    6768 |     164 |   2.4 |      37 |       5 |  11.9
       D:11 |    5013 |    1148 |  18.6 |      41 |       2 |   4.7
       D:12 |    7783 |       0 |   0.0 |      52 |       0 |   0.0
       D:13 |    8963 |    5003 |  35.8 |      42 |      34 |  44.7
       D:14 |   13033 |    3325 |  20.3 |      32 |       9 |  22.0
     Lair:1 |    5236 |    2172 |  29.3 |      22 |       1 |   4.3
     Lair:2 |   10005 |    1152 |  10.3 |      36 |       2 |   5.3
     Lair:3 |    4803 |    1564 |  24.6 |      13 |       4 |  23.5
     Lair:4 |    7332 |    4354 |  37.3 |      29 |       5 |  14.7
     Lair:5 |   10588 |    4466 |  29.7 |      42 |      11 |  20.8
     Lair:6 |   13925 |    7627 |  35.4 |      41 |      19 |  31.7
      Orc:1 |    2890 |    4841 |  62.6 |      20 |      11 |  35.5
      Orc:2 |    3913 |    5590 |  58.8 |      36 |      34 |  48.6
     Bailey |       0 |    1453 | 100.0 |       0 |      25 | 100.0
            +---------+---------+-------+---------+---------+-------
